 Dungeon Crawl Stone Soup version 0.28.0-53-g5a82cb258f (webtiles) character file.

Game seed: 14696407815333951132

324 GigaChad the Skirmisher (level 6, -9/56 HPs)
             Began as a Minotaur Fighter on Aug 23, 2022.
             Was a Follower of Qazlal.
             Shot with an arrow by a centaur (12 damage)
             ... on level 4 of the Dungeon.
             The game lasted 00:11:54 (3450 turns).

GigaChad the Skirmisher (Minotaur Fighter)          Turns: 3450, Time: 00:11:55

Health: -9/56      AC:  7    Str: 23    XL:     6   Next: 23%
Magic:  5/5        EV: 10    Int:  5    God:    Qazlal [*.....]
Gold:   101        SH:  7    Dex: 15    Spells: 5/5 levels left

rFire   . . .      SeeInvis .   a - +0 long sword
rCold   . . .      Faith    .   c - +0 buckler
rNeg    . . .      Spirit   .   b - +0 scale mail
rPois   +          Reflect  .   (helmet restricted)
rElec   .          Harm     .   (no cloak)
rCorr   .          Rampage  .   (no gloves)
Will    .....                   (no boots)
Stlth   ..........              (no amulet)
HPRegen 0.18/turn               i - +6 ring of dexterity
MPRegen 0.09/turn               m - ring of poison resistance

@: no status effects
A: horns 2, retaliatory headbutt
a: Renounce Religion


You were on level 4 of the Dungeon.
You worshipped Qazlal.
Qazlal was aware of your devotion.
You visited 1 branch of the dungeon, and saw 4 of its levels.

You collected 101 gold pieces.

Inventory:

Hand Weapons
 a - a +0 long sword (weapon)
Missiles
 j - 2 throwing nets (quivered)
 r - 3 poisoned darts
Armour
 b - a +0 scale mail (worn)
 c - a +0 buckler (worn)
Jewellery
 h - a ring of fire
 i - a +6 ring of dexterity (left hand)
 m - a ring of poison resistance (right hand)
Wands
 q - a wand of acid (9)
Scrolls
 p - a scroll of blinking {unknown}
 s - a scroll of identify {unknown}
Potions
 d - 4 potions of might
 e - a potion of degeneration {unknown}
 f - a potion of lignification {unknown}
 g - a potion of attraction {unknown}
 k - 2 potions of heal wounds {unknown}
 l - a potion of curing
 o - a potion of brilliance {unknown}


   Skills:
 + Level 5.1 Fighting
 + Level 5.0 Long Blades
 + Level 5.0 Armour
 + Level 1.4 Dodging
 + Level 0.2 Stealth
 + Level 4.6 Shields


You had 5 spell levels left.
You didn't know any spells.
Your spell library contained the following spells:

 Spells                   Type           Power      Damage    Failure   Level
 Slow                     Hex            0%         N/A       86%         1
 Blink                    Tloc           0%         N/A       94%         2
 Confusing Touch          Hex            0%         N/A       99%         3
 Lesser Beckoning         Tloc           0%         N/A       99%         3
 Vampiric Draining        Necr           0%         2d6       99%         3
 Summon Ice Beast         Ice/Summ       0%         N/A       100%        4
 Manifold Assault         Tloc           0%         N/A       100%        5
 Summon Mana Viper        Hex/Summ       0%         N/A       100%        5
 Monstrous Menagerie      Summ           0%         N/A       100%        7


Dungeon Overview and Level Annotations

Branches:
Dungeon (4/15)
 Temple: D:4-7

Altars:
Qazlal

Shops:
D:4 *


Innate Abilities, Weirdness & Mutations

You have a pair of horns on your head.
You reflexively headbutt those who attack you in melee.


Message History

Found Coitreja's General Store.
Found an emerald potion.
There is an entrance to Coitreja's General Store here.
k - 2 emerald potions (gained 1)
Found a stone staircase leading up.
Found 19 stones.
Found a hand axe.
You now have 101 gold pieces (gained 14).
An orc comes into view. It is wielding a +0 dagger of pain.
The orc shouts!
An orc is nearby!
An orc is nearby!
A centaur comes into view.
The orc hits you but does no damage.
You closely miss the orc.
The centaur shouts!
The centaur wields a +0 shortbow.
The centaur shoots an arrow.
The arrow hits you.
The orc hits you with a +0 dagger of pain.
You barely miss the orc. Your headbutt misses the orc.
The centaur shoots an arrow.
The arrow hits you.
The centaur shoots an arrow.
The arrow hits you! The orc hits you but does no damage.
You slash the orc!
You kill the orc!
Qazlal accepts your kill.
The centaur shoots an arrow.
The arrow completely misses you.
The centaur shoots an arrow.
The arrow hits you!
The centaur shoots an arrow.
The arrow hits you.
You see here a +0 dagger of pain.
The centaur shoots an arrow.
You block the arrow.
The centaur shoots an arrow.
The arrow hits you!
The centaur shoots an arrow.
The arrow hits you but does no damage.
Found a lumpy bronze amulet.
The centaur shoots an arrow.
The arrow hits you.
* * * LOW HITPOINT WARNING * * *
The centaur shoots an arrow.
The arrow closely misses you.
The centaur shoots an arrow.
The arrow closely misses you.
The centaur shoots an arrow.
The arrow hits you!
* * * LOW HITPOINT WARNING * * *
The centaur shoots an arrow.
The arrow hits you!
You die...

###....................###.......
......................## ###.....
...............##.##########.....
.#..,,,,..........## #........###
##*#*,,,......#*#..###....###..#
**,,,,,,......"##.........# ##.#
,,,**,,,.......#.○........# #.#
,****,,,..................# #.#
,,,**,,,.......○@......##.####.#
,,,,,,,,.......#☼...........##.##
>,,,*,,,.....c........####......#
,,,**,,,.....###......#########.#
,,,,,,*,.....**####.............#
,,,,,,,*###.,,,** ###############
,,,,,,,,,,.,,,,,*
,,,,,,,,,..,,,,,**
,,,,,,,,,,,*,,*,,***


You could see a centaur.

Vanquished Creatures
  A black bear (D:3)
  Jessica (D:3)
  An iguana (D:4)
  Natasha (thrice) (D:2)
  2 adders (D:2)
  An adder skeleton (D:3)
  2 worms
  6 orcs
  5 endoplasms
  6 giant cockroaches
  4 goblins
  7 hobgoblins
  10 jackals
  2 kobolds (D:1)
  3 quokkas
  A ball python (D:3)
  6 bats
  5 frilled lizards
  8 rats
74 creatures vanquished.

Notes
Turn   | Place    | Note
-------+----------+-------------------------------------------
     0 | D:1      | GigaChad the Minotaur Fighter began the quest for the Orb.
     0 | D:1      | Reached XP level 1. HP: 19/19 MP: 0/0
    49 | D:1      | Reached XP level 2. HP: 22/27 MP: 1/1
   809 | D:2      | Reached XP level 3. HP: 16/33 MP: 2/2
  1373 | D:2      | Noticed Natasha
  1384 | D:2      | Killed Natasha
  1385 | D:2      | Reached XP level 4. HP: 33/40 MP: 3/3
  1465 | D:2      | Reached skill level 1 in Dodging
  1579 | D:2      | Noticed Natasha
  1592 | D:2      | Killed Natasha
  1601 | D:2      | Noticed Natasha
  1615 | D:2      | Killed Natasha
  2101 | D:2      | Reached XP level 5. HP: 45/47 MP: 4/4
  2117 | D:3      | Noticed a black bear
  2135 | D:3      | Noticed Jessica
  2139 | D:3      | Killed Jessica
  2224 | D:3      | Killed a black bear
  2225 | D:3      | Reached skill level 5 in Fighting
  2463 | D:3      | Reached XP level 6. HP: 53/56 MP: 5/5
  2846 | D:3      | Found a faded altar of an unknown god.
  2857 | D:3      | Prayed at the altar of an unknown god.
  2857 | D:3      | Became a worshipper of Qazlal Stormbringer
  2857 | D:3      | Reached * piety under Qazlal
  3309 | D:4      | Reached skill level 5 in Long Blades
  3309 | D:4      | Reached skill level 5 in Armour
  3350 | D:4      | Found Coitreja's General Store.
  3450 | D:4      | Shot with an arrow by a centaur

Illustrated notes

Levels and vault maps discovered:
D:1:      roderic_dead_forest, layout_rooms, serial_corexii_hall,
          corexii_hall_statues_x, chequers_hall_statues_corner_a,
          nicolae_figureground_pulse
D:2:      layout_basic, minmay_cupped, uniq_natasha
D:3:      cheibrodos_old_hovel, layout_loops_corners,
          ebering_ecumenical_altar_abandoned, uniq_jessica
D:4:      layout_rooms, serial_shops, nicolae_diamond_shop, lemuel_flame_loot_1,
          uniq_ijyb, uniq_crazy_yiuf_cottage, uniq_pargi

Skill      XL: |  1  2  3  4  5  6 |
---------------+-------------------+-----
Fighting       | 4 5 |  5.1
Shields        | 4 |  4.6
Armour         | 4 5 |  5.0
Long Blades    | 3 4 5 |  5.0
Dodging        | 1 |  1.4
Stealth        | |  0.2

Action                   |  1- 3 |  4- 6 || total
-------------------------+-------+-------++-------
Melee: Long sword        |    71 |    94 ||   165
       Headbutt          |     9 |    13 ||    22
  Use: Scroll            |     2 |     5 ||     7
Armor: Scale mail        |    58 |    39 ||    97
Dodge: Dodged            |    51 |    68 ||   119
Block: Buckler           |    31 |    27 ||    58
